 Dungeon Crawl Stone Soup version 0.20-a0-1122-gb7cbeb9 (webtiles) character file.

76 thirtiethelement the Magician (level 4, -1/27 HPs)
             Began as an Octopode Wanderer on May 13, 2017.
             Slain by a leopard gecko (4 damage)
             ... on level 3 of the Dungeon.
             The game lasted 00:12:15 (1422 turns).

thirtiethelement the Magician (Octopode Wanderer)   Turns: 1422, Time: 00:12:16

Health: -1/27      AC:  1    Str: 11    XL:     4   Next: 32%
Magic:  16/19      EV: 12    Int: 17    God:
Gold:   67         SH:  0    Dex:  9    Spells: 5/12 levels left

rFire    x . .     SeeInvis .   c - +0 mace
rCold    + . .     Gourm    .   (no shield)
rNeg     . . .     Faith    .   (helmet restricted)
rPois    .         Spirit   .   (no amulet)
rElec    .         Reflect  .   m - ring of magical power
rCorr    .         Harm     .   n - ring of ice
MR       .....                  (no ring)
Stlth    ++........             (no ring)
Regen    0.1/turn               (no ring)
MPRegen  0.2/turn               (no ring)
                                (no ring)
                                (no ring)

@: no status effects
A: almost no armour, stealthy swim, amphibious, 8 rings, constrict 8, camouflage
1, gelatinous body 1
a: no special abilities


You were on level 3 of the Dungeon.
You were not hungry.

You visited 1 branch of the dungeon, and saw 3 of its levels.

You collected 67 gold pieces.

Inventory:

Hand Weapons
 c - a +0 mace (weapon)
 r - a cursed -2 spear
Jewellery
 m - a ring of magical power (left tentacle)
 n - a ring of ice (right tentacle)
Scrolls
 g - 2 scrolls of teleportation
 i - 4 scrolls of enchant weapon
 k - a scroll of magic mapping
 o - 2 scrolls of amnesia
 p - a scroll of identify
Potions
 e - 2 potions of might {unknown}
 j - a potion of heal wounds
 l - 2 potions of berserk rage {unknown}
 q - 2 potions of mutation {unknown}
Books
 a - a Young Poisoner's Handbook

   Spells                             Type                      Level
   a - Sting                          Conjuration/Poison           1
   b - Poisonous Vapours              Poison/Air                   2
   c - Mephitic Cloud                 Conjuration/Poison/Air       3
   d - Olgreb's Toxic Radiance        Poison                       4
   e - Venom Bolt                     Conjuration/Poison           5
 b - the Reference Book on the Frostbite

   Spells                             Type                      Level
   a - Freeze                         Ice                          1
   b - Ozocubu's Armour               Charms/Ice                   3
Comestibles
 d - a bread ration
 f - 3 meat rations
 h - a royal jelly


   Skills:
 + Level 0.2 Fighting
 + Level 3.4 Maces & Flails
 + Level 1.0 Throwing
 + Level 0.2 Dodging
 + Level 0.8 Stealth
 + Level 4.7 Spellcasting
 + Level 1.1 Conjurations
 + Level 1.9 Poison Magic
   Level 1.1 Evocations


You had 5 spell levels left.
You knew the following spells:

 Your Spells              Type           Power        Failure   Level  Hunger
a - Sting                 Conj/Pois      #...         8%          1    None
b - Freeze                Ice            #...         14%         1    None
c - Poisonous Vapours     Pois/Air       #.....       16%         2    #......
d - Ozocubu's Armour      Chrm/Ice       #.......     41%         3    ###....


Dungeon Overview and Level Annotations

Branches:
Dungeon (3/15)

Altars:


Innate Abilities, Weirdness & Mutations

You cannot wear most types of armour.
You are very stealthy in the water. (Stealth+)
You are amphibious.
You can wear up to eight rings at the same time.
You can use your tentacles to constrict eight enemies at once.
Your skin changes colour to match your surroundings (Stealth+).
Your rubbery body absorbs attacks. (AC +1, EV +1)


Message History

Aim: a leopard gecko The sting misses the leopard gecko.
The leopard gecko completely misses you.
Casting: Sting
Confirm with . or Enter, or press ? or * to list all spells.
Aiming: Freeze
Press: ? - help, Shift-Dir - straight line, f/p - leopard gecko
Aim: a leopard gecko You feel a surge of power!
You freeze the leopard gecko.
The leopard gecko is almost dead.
The leopard gecko bites you.
* * * LOW HITPOINT WARNING * * *
You closely miss the leopard gecko. Your grab misses the leopard gecko.
Your squeeze misses the leopard gecko.
The leopard gecko is almost dead.
You hear the rusting of a drain nearby.
The leopard gecko bites you.
* * * LOW HITPOINT WARNING * * *
The leopard gecko bites you.
You die...

###### ####### #....#
#.....# #....#
###.....#####
#....###...........###.
#......#.....##........
#......................
#####.....................
#.........................
#...........###@.....#....
#..............l.....#+#..
#.....###.####............
#.....# ### ##w..........
#.....# +≈≈≈≈≈≈#..........
##.<..# +≈≈≈≈≈≈#.........(
#....# ###≈≈##+..........
#####.###.####......####.#
#................##.# .#


You could see a worm and a leopard gecko.

Vanquished Creatures
  2 adders
  2 worms
  3 dart slugs (D:1)
  2 leopard geckos
  6 bats (D:2)
  2 giant cockroaches (D:1)
  A goblin (D:2)
  8 hobgoblins
  4 jackals (D:1)
  4 kobolds
  2 frilled lizards (D:1)
  7 rats
43 creatures vanquished.

Vanquished Creatures (others)
  5 toadstools (D:1)
5 creatures vanquished.

Grand Total: 48 creatures vanquished

Notes
Turn   | Place    | Note
-------+----------+-------------------------------------------
     0 | D:1      | thirtiethelement the Octopode Wanderer began the quest for the Orb.
     0 | D:1      | thirtiethelement set off with: a Young Poisoner's Handbook, the Reference Book on the Frostbite, a +0 mace, a bread ration
     0 | D:1      | Reached XP level 1. HP: 11/11 MP: 5/5
     2 | D:1      | Learned a level 1 spell: Sting
     4 | D:1      | Learned a level 1 spell: Freeze
    27 | D:1      | Reached XP level 2. HP: 17/17 MP: 0/7
    52 | D:1      | Learned a level 1 spell: Sting
    55 | D:1      | Learned a level 2 spell: Poisonous Vapours
   562 | D:1      | Reached XP level 3. HP: 13/21 MP: 3/8
   795 | D:2      | Reached skill level 1 in Conjurations
  1022 | D:2      | Reached XP level 4. HP: 27/27 MP: 10/10
  1055 | D:2      | Learned a level 3 spell: Ozocubu's Armour
  1422 | D:3      | Slain by a leopard gecko

Vault maps used:
D:1:      ldierk_walled_garden
D:3:      minmay_door_path, first_bread, gup_sewer_entry_bowl,
          hangedman_feature_mirror

Skill      XL: |  1  2  3 |
---------------+----------+-----
Conjurations   | 1 |  1.1
Fighting       | |  0.2
Maces & Flails | |  3.4
Throwing       | |  1.0
Dodging        | |  0.2
Stealth        | |  0.8
Spellcasting   | |  4.7
Poison Magic   | |  1.9
Evocations     | |  1.1

Action                   |  1- 3 |  4- 6 || total
-------------------------+-------+-------++-------
Melee: Mace              |    23 |    11 ||    34
       Constrict         |     3 |     2 ||     5
       Tentacles         |     1 |       ||     1
 Cast: Sting             |    47 |    12 ||    59
       Freeze            |     1 |     9 ||    10
  Use: Scroll            |     6 |       ||     6
  Eat: Bread ration      |       |     1 ||     1
Armor: Skin              |     2 |     2 ||     4
Dodge: Dodged            |    32 |    10 ||    42
